 Dungeon Crawl Stone Soup version 0.17-a0-1056-g838d5c0 (webtiles) character file.

343 namelastname112 the Slasher (level 6, -2/55 HPs)
             Began as a Draconian Berserker on May 16, 2015.
             Was a Priest of Trog.
             Killed by nerve-wracking pain
             ... invoked by a shadow imp
              (14 damage)
             ... on level 5 of the Dungeon.
             The game lasted 00:05:12 (3273 turns).

namelastname112 the Slasher (Draconian Berserker)   Turns: 3273, Time: 00:05:13

Health: -2/55      AC:  7    Str: 19    XL:     6   Next: 31%
Magic:  6/6        EV: 13    Int:  8    God:    Trog [***...]
Gold:   109        SH:  0    Dex: 12    Spells: 0 memorised, 5 levels left

rFire  . . .     SeeInvis .     a - +0 falchion
rCold  . . .     Clarity  .     (armour unavailable)
rNeg   . . .     SustAb   .     (no shield)
rPois  .         Gourm    .     (helmet restricted)
rElec  .         Spirit   .     p - +0 cloak
rCorr  .         Warding  .     (no gloves)
rMut   .         Stasis   .     (no boots)
MR     .....                    (no amulet)
Stlth  +.........               (no ring)
                                (no ring)

@: not resistant to hostile enchantments, very unstealthy
A: unfitting armour, cold-blooded, AC +6
a: Burn Spellbooks, Berserk, Trog's Hand, Renounce Religion


You were on level 5 of the Dungeon.
You worshipped Trog.
Trog was most pleased with you.
You were near starving.

You visited 1 branch of the dungeon, and saw 5 of its levels.

You collected 109 gold pieces.

Inventory:

Hand weapons
 a - a +0 falchion (weapon)
Armour
 i - a +0 buckler
 p - a +0 cloak (worn)
Magical devices
 n - a wand of enslavement (9)
 o - a wand of random effects (8)
Scrolls
 c - a scroll of fog {unknown}
 d - 4 scrolls of remove curse {unknown}
 f - 2 scrolls of teleportation {unknown}
 g - a scroll of enchant weapon {unknown}
 h - 3 scrolls of identify {unknown}
 j - 2 scrolls of noise {unknown}
 l - a scroll of recharging {unknown}
 m - a scroll of immolation {unknown}
 u - 3 scrolls of magic mapping {unknown}
Potions
 e - a potion of cancellation {unknown}
 k - a potion of might {unknown}
 q - a potion of resistance {unknown}
 r - 2 potions of degeneration {unknown}
 s - 3 potions of curing {unknown}
 v - a potion of heal wounds {unknown}
 x - a potion of berserk rage {unknown}
Books
 t - a book of Annihilations {highlevel, unknown}

   This book is beyond your current level of understanding.

   Spells                             Type                      Level
   a - Poison Arrow                   Conjuration/Poison           6
   b - Chain Lightning                Conjuration/Air              8
   c - Lehudib's Crystal Spear        Conjuration/Earth            8
   d - Glaciate                       Conjuration/Ice              9
   e - Fire Storm                     Conjuration/Fire             9
   Trog disapproves of the use of such an item.
Comestibles
 b - a bread ration


   Skills:
 + Level 4.9 Fighting
 * Level 5.4 Long Blades
 + Level 3.9 Dodging


You had 5 spell levels left.
You didn't know any spells.

Dungeon Overview and Level Annotations

Branches:
Dungeon (5/15)
 Temple: D:4-7

Altars:
Ashenzari
Okawaru
Ru
Zin

Annotations:
D:4 Grinder


Innate Abilities, Weirdness & Mutations

Your plain brown scales are hard (AC +6).
Your body does not fit into most forms of armour.
You are cold-blooded and may be slowed by cold attacks.


Message History

The shadow imp closely misses you.
You hit the shadow imp.
The shadow imp is severely wounded.
The shadow imp hits you.
You hit the shadow imp.
Your tail-slap misses the shadow imp.
The shadow imp is almost dead.
The shadow imp gestures at you. Pain shoots through your body!
* * * LOW HITPOINT WARNING * * *
You are too injured to fight recklessly!
You are too injured to fight recklessly!
You are too injured to fight recklessly!
You are too injured to fight recklessly!
You are too injured to fight recklessly!
You hit the shadow imp but do no damage.
You tail-slap the shadow imp, but do no damage.
The shadow imp is almost dead.
The shadow imp gestures at you. Pain shoots through your body!
You die...

##########
#........###### ##
#..........(..# #.
#.............# #.
#.............#######.
#...................+.
#.>.5@............##..
#........#####........
#.....................
##...............#....
#####...........#....
#.........####'##
######...........
#.......))..
#...........


You could see a shadow imp.

Vanquished Creatures
  Crazy Yiuf (D:3)
  An iguana (D:5)
  4 orc wizards
  A worker ant (D:5)
  A hound skeleton (D:5)
  2 adders (D:3)
  3 gnolls (D:2)
  A worm (D:5)
  3 giant geckos
  7 orcs
  A ball python (D:3)
  7 bats
  A bat zombie (D:1)
  7 giant cockroaches
  5 goblins
  7 hobgoblins
  6 jackals
  2 quokkas
  A ball python zombie (D:1)
  9 kobolds
  8 rats
78 creatures vanquished.

Notes
Turn   | Place    | Note
--------------------------------------------------------------
     0 | D:1      | namelastname112 the Draconian Berserker began the quest for the Orb.
     0 | D:1      | Reached XP level 1. HP: 19/19 MP: 1/1
   315 | D:1      | Reached XP level 2. HP: 21/26 MP: 2/2
   864 | D:1      | You fall through a shaft!
   871 | D:2      | Reached XP level 3. HP: 33/33 MP: 3/3
   884 | D:2      | Reached skill level 4 in Fighting
  1228 | D:2      | Acquired Trog's second power
  1445 | D:2      | Found an iron altar of Okawaru.
  1460 | D:2      | Reached XP level 4. HP: 38/40 MP: 4/4
  1906 | D:3      | Reached XP level 5. HP: 43/47 MP: 5/5
  1948 | D:3      | Noticed Crazy Yiuf
  1953 | D:3      | Killed Crazy Yiuf
  2169 | D:3      | Found a sacrificial altar of Ru.
  2175 | D:3      | Found a glowing silver altar of Zin.
  2546 | D:4      | Reached skill level 5 in Long Blades
  2709 | D:4      | Noticed Grinder
  2728 | D:5      | Entered Level 5 of the Dungeon
  2731 | D:5      | Reached XP level 6. HP: 41/53 MP: 6/6
  2957 | D:4      | Paralysed by Grinder for 2 turns
  3123 | D:5      | Found a shattered altar of Ashenzari.
  3273 | D:5      | Killed from afar by a shadow imp

Vault maps used:
D:1:      saegor_arrival_fortress
D:2:      nicolae_overflow_crystal_walls, minivault_24
D:3:      amethyst_overflow_temple_binary, bh_walls_and_bars,
          uniq_crazy_yiuf_cottage
D:4:      kennysheep_generic_room_13, uniq_grinder, uniq_eustachio
D:5:      nicolae_ashenzari_panopticon, first_bread

Action                   |  1- 3 |  4- 6 || total
-------------------------+-------+-------++-------
Melee: Falchion          |    83 |   160 ||   243
Invok: Berserk           |     2 |     4 ||     6
Evoke: Wand              |       |     5 ||     5
 Stab: Sleeping          |       |     1 ||     1
  Eat: Chunk             |     3 |     9 ||    12
